 Dungeon Crawl Stone Soup version 0.17.1-1-g73c8601 (webtiles) character file.

138 xeno23 the Firebug (level 5, 0/28 HPs)
             Began as a Deep Elf Fire Elementalist on Dec 31, 2015.
             Slain by an orc wizard
             ... wielding a +0 dagger
              (2 damage)
             ... on level 3 of the Dungeon.
             The game lasted 00:07:48 (2572 turns).

xeno23 the Firebug (Deep Elf Fire Elementalist)     Turns: 2572, Time: 00:07:49

Health: 0/28       AC:  2    Str: 10    XL:     5   Next: 1%
Magic:  2/11       EV: 13    Int: 26    God:
Gold:   159        SH:  0    Dex: 15    Spells: 3 memorised, 2 levels left

rFire  . . .     SeeInvis .     m - +0 trident
rCold  . . .     Clarity  .     a - +0 robe
rNeg   . . .     SustAt   .     (no shield)
rPois  .         Gourm    .     (no helmet)
rElec  .         Spirit   .     (no cloak)
rCorr  .         Warding  .     (no gloves)
rMut   .         Stasis   .     (no boots)
MR     .....                    (no amulet)
Stlth  ++........               (no ring)
                                (no ring)

@: mighty, brilliant, flying, slowed, very slow, not resistant to hostile
enchantments, unstealthy
A: no striking features
a: no special abilities


You were on level 3 of the Dungeon.
You were not hungry.

You visited 1 branch of the dungeon, and saw 3 of its levels.

You collected 159 gold pieces.

Inventory:

Hand Weapons
 m - a +0 trident (weapon)
Armour
 a - a +0 robe (worn)
Magical Staves
 l - an uncursed staff of earth
Scrolls
 h - 2 scrolls of teleportation {unknown}
 i - 4 scrolls of identify
 n - a scroll of magic mapping {unknown}
 q - 2 scrolls of remove curse {unknown}
Potions
 g - 2 potions of cure mutation
 o - a potion of flight
 p - a potion of haste {unknown}
Books
 b - a book of Flames

   Spells                             Type                      Level
   a - Flame Tongue                   Conjuration/Fire             1
   b - Throw Flame                    Conjuration/Fire             2
   c - Conjure Flame                  Conjuration/Fire             3
   d - Inner Flame                    Hexes/Fire                   3
   e - Sticky Flame                   Conjuration/Fire             4
   f - Fireball                       Conjuration/Fire             5
Comestibles
 c - 2 bread rations
 d - a royal jelly
 f - 3 meat rations
 j - a beef jerky


   Skills:
 - Level 2.4 Dodging
 - Level 2.4 Stealth
 - Level 3.0 Spellcasting
 + Level 3.9 Conjurations
 + Level 4.9 Fire Magic


You had 2 spell levels left.
You knew the following spells:

 Your Spells              Type           Power        Failure   Level  Hunger
a - Flame Tongue          Conj/Fire      #####        1%          1    None
d - Conjure Flame         Conj/Fire      #####...     1%          3    ###....
s - Sticky Flame          Conj/Fire      #####...     2%          4    ####...


Dungeon Overview and Level Annotations

Branches:
Dungeon (3/15)

Altars:
Ru


Message History

* * * LOW HITPOINT WARNING * * *
Drink which item? (? for menu, Esc to quit)
It was a potion of flight.
You feel very buoyant.
You fly up into the air.
The orc wizard casts a spell at you. The magic dart hits you!
* * * LOW HITPOINT WARNING * * *
The orc wizard misses you.
You take 4 damage.
Drink which item? (? for menu, Esc to quit)
It was a potion of brilliance.
You feel clever all of a sudden. The orc wizard barely misses you.
The orc wizard hits you but does no damage.
Drink which item? (? for menu, Esc to quit)
It was a potion of might.
You feel very mighty all of a sudden. The orc wizard misses you.
The orc wizard hits you with a dagger.
You die...

.#.# #.##.........#
.#.###.##.).......#
....(..##(........# ## #.###
.#.######.........# #... ....
.#.# #g.......>...# .... #...
.#.# #.##.........##.#.# #..#
##.###.##.....g...#....# #.!#
#......#..<........#..# #..#
#####..#.......@.#...# #..#
#............##o##.######..#
###.##..#####....w...w....)..#
....##.ยง# #####.#...######.#
######..# #............# #..##
###...######## #...# ##.######
##..# #......# ##.# ######.#


You could see a worm, an orc wizard and a hobgoblin.

Vanquished Creatures
  An orc priest (D:3)
  3 gnolls (D:3)
  2 adders (D:2)
  3 oozes
  3 worms
  3 giant geckos
  An orc (D:3)
  A giant cockroach (D:2)
  5 goblins
  A hobgoblin (D:2)
  3 jackals (D:1)
  5 kobolds
  A ball python (D:1)
  5 bats
  2 giant newts
  4 rats
43 creatures vanquished.

Notes
Turn   | Place    | Note
--------------------------------------------------------------
     0 | D:1      | xeno23 the Deep Elf Fire Elementalist began the quest for the Orb.
     0 | D:1      | Reached XP level 1. HP: 10/10 MP: 6/6
   185 | D:1      | Reached XP level 2. HP: 12/15 MP: 2/8
  1148 | D:2      | Reached XP level 3. HP: 17/19 MP: 0/9
  1169 | D:2      | Reached skill level 4 in Fire Magic
  1517 | D:2      | Learned a level 3 spell: Conjure Flame
  1606 | D:2      | Found a sacrificial altar of Ru.
  1684 | D:2      | Reached XP level 4. HP: 24/24 MP: 6/10
  1806 | D:3      | Learned a level 4 spell: Sticky Flame
  2569 | D:3      | Reached XP level 5. HP: 7/28 MP: 2/11
  2572 | D:3      | Slain by an orc wizard

Action                   |  1- 3 |  4- 6 || total
-------------------------+-------+-------++-------
Melee: Unarmed           |    44 |       ||    44
       Trident           |       |    50 ||    50
       Staff             |       |     1 ||     1
 Cast: Flame Tongue      |    56 |    27 ||    83
  Use: Scroll            |     1 |       ||     1
       Potion            |       |     3 ||     3
 Stab: Sleeping          |     2 |     2 ||     4
  Eat: Chunk             |     2 |     3 ||     5
